 Dungeon Crawl Stone Soup version 0.21-a0-552-g593960d (webtiles) character file.

35 Lasiace the Charmwright (level 3, -3/20 HPs)
             Began as a Deep Elf Skald on Dec 16, 2017.
             Slain by a quokka (4 damage)
             ... on level 2 of the Dungeon.
             The game lasted 00:04:14 (1242 turns).

Lasiace the Charmwright (Deep Elf Skald)            Turns: 1242, Time: 00:04:15

Health: -3/20      AC:  3    Str:  8    XL:     3   Next: 17%
Magic:  8/9        EV: 12    Int: 17    God:
Gold:   13         SH:  0    Dex: 15    Spells: 7/8 levels left

rFire    . . .     SeeInvis .   a - +0 falchion
rCold    . . .     Gourm    .   (no shield)
rNeg     . . .     Faith    .   d - +0 leather armour
rPois    .         Spirit   .   (no helmet)
rElec    .         Reflect  .   (no cloak)
rCorr    +         Harm     .   (no gloves)
MR       .....                  (no boots)
Stlth    +.........             (no amulet)
HPRegen  0.06/turn              I - ring of resist corrosion
MPRegen  0.11/turn              (no ring)

@: infused
A: no striking features
a: no special abilities


You were on level 2 of the Dungeon.
You were very hungry.

You visited 1 branch of the dungeon, and saw 2 of its levels.

You collected 13 gold pieces.

Inventory:

Hand Weapons
 a - a +0 falchion (weapon)
Armour
 d - a +0 leather armour (worn)
Jewellery
 I - a ring of resist corrosion (left hand)
Scrolls
 f - 2 scrolls of remove curse {unknown}
 g - a scroll of immolation {unknown}
 i - a scroll of noise {unknown}
 j - a scroll of enchant weapon {unknown}
 k - a scroll of amnesia {unknown}
Potions
 c - a potion of heal wounds {unknown}
 e - a potion of flight {unknown}
Books
 B - a book of Battle

   Spells                             Type                      Level
   a - Infusion                       Charms                       1
   b - Shroud of Golubria             Charms/Translocation         2
   c - Song of Slaying                Charms                       2
   d - Spectral Weapon                Hexes/Charms                 3
   e - Regeneration                   Charms/Necromancy            3
Comestibles
 b - a bread ration


   Skills:
 - Level 1.5 Fighting
 + Level 3.3 Long Blades
 - Level 0.7 Armour
 - Level 2.4 Dodging
 - Level 3.0 Spellcasting
 - Level 4.4 Charms


You had 7 spell levels left.
You knew the following spells:

 Your Spells              Type           Power        Failure   Level  Hunger
a - Infusion              Chrm           ###.         4%          1    None


Dungeon Overview and Level Annotations

Branches:
Dungeon (2/15)

Altars:


Message History

The quokka bites you. The quokka misses you.
You riposte.
You barely miss the quokka.
The quokka is moderately wounded.
You are too injured to fight recklessly!
Casting: Infusion
Confirm with . or Enter, or press ? or * to list all spells.
You begin infusing your attacks with magical energy.
The quokka bites you.
* * * LOW HITPOINT WARNING * * *
You barely miss the quokka.
The quokka is moderately wounded.
The quokka closely misses you.
You miss the quokka.
The quokka is moderately wounded.
The quokka bites you.
* * * LOW HITPOINT WARNING * * *
You barely miss the quokka.
The quokka is moderately wounded.
The quokka bites you.
You die...

###
###.#
#...#
#.#w#
#w#r#
#.#@#
#r#<#
#)###
#.#
..#
...
♣...
....
P....


You could see a dart slug and a quokka.

Vanquished Creatures
  An adder (D:2)
  A dart slug (D:1)
  3 bats (D:1)
  2 hobgoblins
  3 jackals (D:1)
  5 kobolds
  2 frilled lizards (D:1)
  4 goblins (D:1)
  4 rats (D:1)
25 creatures vanquished.

Notes
Turn   | Place    | Note
-------+----------+-------------------------------------------
     0 | D:1      | Lasiace the Deep Elf Skald began the quest for the Orb.
     0 | D:1      | Reached XP level 1. HP: 12/12 MP: 6/6
   402 | D:1      | Reached XP level 2. HP: 16/16 MP: 4/8
  1014 | D:2      | Reached XP level 3. HP: 8/20 MP: 2/9
  1241 | D:2      | HP: 1/20 [quokka (3)]
  1242 | D:2      | Slain by a quokka

Vault maps used:
D:1:      mrwooster_arrival_arrow
D:2:      wad_woods_tower

Skill      XL: |  1  2 |
---------------+-------+-----
Long Blades    | 2 3 |  3.3
Fighting       | |  1.5
Armour         | |  0.7
Dodging        | |  2.4
Spellcasting   | |  3.0
Charms         | |  4.4

Action                   || total
-------------------------++-------
Melee: Falchion          ||    62
 Cast: Infusion          ||    14
Armor: Leather armour    ||    18
Dodge: Dodged            ||    44
       Rpst.: Falchion   ||    11

Table legend:
 A = Spawn XP
 B = Non-spawn XP
 C = Spawn XP percentage of total XP
 D = Spawn monster count
 E = Non-spawn monster count
 F = Spawn count percentage of total count
 G = Total turns spent on level
                    A         B        C        D         E        F      G
               +---------+---------+-------+---------+---------+-------+---------
         Total |       0 |      51 |   0.0 |       0 |      25 |   0.0 |  1242
               +---------+---------+-------+---------+---------+-------+---------
           D:1 |       0 |      35 |   0.0 |       0 |      22 |   0.0 |  1199
           D:2 |       0 |      16 |   0.0 |       0 |       3 |   0.0 |    43
               +---------+---------+-------+---------+---------+-------+---------
